 Dungeon Crawl Stone Soup version 0.19-a0-1905-ge8b2aad (webtiles) character file.

211 Morenatsu the Slasher (level 5, -1/31 HPs)
             Began as a Tengu Gladiator on Oct 21, 2016.
             Succumbed to an orc's poison
             ... on level 3 of the Dungeon.
             The game lasted 00:06:20 (1943 turns).

Morenatsu the Slasher (Tengu Gladiator)             Turns: 1943, Time: 00:06:20

Health: -1/31      AC:  6    Str: 15    XL:     5   Next: 88%
Magic:  6/6        EV: 13    Int:  9    God:
Gold:   99         SH:  0    Dex: 15    Spells: 0 memorised, 4 levels left

rFire  . . .     SeeInvis .     a - +0 long sword
rCold  . . .     Gourm    .     b - +0 leather armour
rNeg   . . .     Faith    .     (no shield)
rPois  .         Spirit   .     c - +0 hat
rElec  .         Reflect  .     (no cloak)
rCorr  +         Harm     .     j - +2 pair of gloves
MR     .....                    (boots unavailable)
Stlth  +.........               p - amulet of regeneration
                                (no ring)
                                r - ring of resist corrosion

@: lethally poisoned (-1 -> -30), heavily drained
A: beak, talons 3, able to fly 1
a: Fly


You were on level 3 of the Dungeon.
You were hungry.

You visited 1 branch of the dungeon, and saw 3 of its levels.

You collected 99 gold pieces.

Inventory:

Hand Weapons
 a - a +0 long sword (weapon)
Missiles
 d - 3 throwing nets (quivered)
Armour
 b - a +0 leather armour (worn)
 c - a +0 hat (worn)
 j - a +2 pair of gloves (worn)
Jewellery
 n - an uncursed amulet of guardian spirit
 p - an amulet of regeneration (around neck)
 r - a ring of resist corrosion (left hand)
 t - an uncursed amulet of harm
Scrolls
 g - a scroll of identify
 h - 2 scrolls of teleportation
Potions
 e - a potion of degeneration {unknown}
 l - a potion of might {unknown}
 m - 2 potions of heal wounds
Comestibles
 f - a bread ration
 i - a meat ration
 k - 3 fruits
 o - a royal jelly
 q - 3 chunks of flesh


   Skills:
 - Level 2.6(1.2) Fighting
 + Level 5.4(3.9) Long Blades
 - Level 2.0(0.6) Throwing
 - Level 1.3(0.0) Armour
 - Level 4.4(2.9) Dodging
 - Level 0.9(0.0) Stealth


You had 4 spell levels left.
You didn't know any spells.

Dungeon Overview and Level Annotations

Branches:
Dungeon (3/15)

Altars:
Makhleb
Qazlal
Trog
The Shining One


Innate Abilities, Weirdness & Mutations

You have a beak for a mouth.
You have claws for feet.
You can fly.


Message History

You kill the orc!
You feel very sick.
The orc throws a poisoned tomahawk.
The poisoned tomahawk completely misses you.
The orc misses you.
You hit the orc. You claw the orc, but do no damage.
The orc is heavily wounded.
You feel very sick.
The orc throws a poisoned tomahawk.
The poisoned tomahawk hits you.
You are more poisoned.
The orc closely misses you.
You hit the orc.
The orc is heavily wounded.
* * * LOW HITPOINT WARNING * * *
You feel very sick. The orc barely misses you. The orc hits you with a dagger.
* * * LOW HITPOINT WARNING * * *
You closely miss the orc. Your kick misses the orc. You peck the orc.
The orc is heavily wounded.
You die...

# #...............##
###################.........#
......)...........#o........#
...#...#..)#...#..#o........#
................._#.........#
...#...#...#...#..#o........#
..................#.........#
###################.....)..##
..............#(@oo.......##
.....#######..##o##.....#(.####
....## #...#.##.....##....#
.....# #.#...##.....#####.#
...#.# #.###.#......# #.#
...#.### ###.##.........# #.#
.......###......(##.....#
###.###
.....).....#.....##.....#
#......
....(...................#
#......


You could see 3 orcs.

Vanquished Creatures
  A scorpion (D:3)
  The ghost of Enish the Sneak, a weakling FeAK of Lugonu (D:3)
  Terence (D:3)
  2 adders (D:3)
  An ooze (D:1)
  3 worms
  3 dart slugs
  A leopard gecko (D:3)
  8 orcs (D:3)
  6 bats
  5 giant cockroaches
  5 goblins
  6 hobgoblins
  3 jackals (D:3)
  A quokka (D:2)
  A ball python (D:3)
  3 frilled lizards
  5 kobolds
  5 rats
61 creatures vanquished.

Notes
Turn   | Place    | Note
-------+----------+-------------------------------------------
     0 | D:1      | Morenatsu the Tengu Gladiator began the quest for the Orb.
     0 | D:1      | Reached XP level 1. HP: 12/12 MP: 2/2
   229 | D:1      | Reached XP level 2. HP: 17/17 MP: 3/3
   559 | D:1      | Reached XP level 3. HP: 14/21 MP: 4/4
   908 | D:2      | Found a glowing golden altar of the Shining One.
  1034 | D:2      | Reached skill level 4 in Long Blades
  1230 | D:3      | Found a burning altar of Makhleb.
  1230 | D:3      | Noticed Enish's ghost (weakling FeAK)
  1238 | D:3      | Killed Enish's ghost
  1238 | D:3      | Reached XP level 4. HP: 12/27 MP: 1/5
  1397 | D:3      | Found a stormy altar of Qazlal.
  1467 | D:3      | Found a bloodstained altar of Trog.
  1699 | D:3      | Gained mutation: You can fly. [Tengu growth]
  1699 | D:3      | Reached XP level 5. HP: 31/31 MP: 6/6
  1710 | D:3      | Reached skill level 5 in Long Blades
  1710 | D:3      | Reached skill level 1 in Armour
  1805 | D:3      | Noticed Terence
  1818 | D:3      | Killed Terence
  1943 | D:3      | Succumbed to an orc's poison

Vault maps used:
D:1:      minmay_arrival_four_loops
D:2:      nicolae_tso_carved_into_rock
D:3:      lemuel_coloured_pillars_altar, grunt_temple_overflow_open,
          uniq_terence

Skill      XL: |  1  2  3  4  5 |
---------------+----------------+-----
Dodging        | 4 |  4.4
Long Blades    | 4 5 |  5.4
Armour         | 1 |  1.3
Fighting       | |  2.6
Throwing       | |  2.0
Stealth        | |  0.9

Action                   |  1- 3 |  4- 6 || total
-------------------------+-------+-------++-------
Melee: Long sword        |    75 |    75 ||   150
       Kick              |    21 |    36 ||    57
       Peck              |    17 |    20 ||    37
  Use: Scroll            |     7 |     3 ||    10
       Potion            |       |     1 ||     1
 Stab: Sleeping          |     1 |     1 ||     2
  Eat: Chunk             |     1 |     2 ||     3
Armor: Leather armour    |    21 |    20 ||    41
Dodge: Dodged            |    50 |    64 ||   114
       Rpst.: Long sword |    17 |    26 ||    43
